 Dungeon Crawl Stone Soup version 0.31.0-11-ge490571c62 (webtiles) character file.

Game seed: 12769169452499762900

26537 ezpacito the Cleaver (level 12, -2/94 HPs)
             Began as a Demonspawn Berserker on Jan 30, 2024.
             Was an Elder of Trog.
             Shot with an arrow by Nessos (15 damage)
             ... on level 13 of the Dungeon.
             The game lasted 00:28:03 (13123 turns).

ezpacito the Cleaver (Demonspawn Berserker)        Turns: 13123, Time: 00:28:03

Health: -2/94      AC: 17    Str: 19    XL:     12   Next: 99%
Magic:  12/12      EV: 24    Int: 16    God:    Trog [****..]
Gold:   1197       SH:  0    Dex: 16    Spells: 11/11 levels left

rFire   . . .        x - +6 battleaxe of Hamuedgh Rust {flame, Int+6}
rCold   + . .        (shield currently unavailable)
rNeg    . . .        k - +3 swamp dragon scales
rPois   +            g - +0 hat
rElec   +            p - +0 cloak
rCorr   .            (no gloves)
SInv    .            A - +0 pair of boots
Will    ++...        m - amulet of Feofa {RegenMP rElec rC+ Int+2}
Stlth   +++          z - ring of the Hare {EV+10}
HPRegen 1.35/turn    y - ring of poison resistance
MPRegen 0.53/turn

%: no passive effects
@: lethally poisoned (-2 -> -16), strong-willed, on berserk cooldown,
regenerating, slowed, very slow
A: claws 2, thin metallic scales 2, foul stench 1
a: Renounce Religion, Berserk, Trog's Hand, Brothers in Arms


You were on level 13 of the Dungeon.
You worshipped Trog.
Trog was greatly pleased with you.
You visited 2 branches of the dungeon, and saw 14 of its levels.
You also visited: Bailey and Gauntlet.

You collected 1578 gold pieces.
You spent 381 gold pieces at shops.

Inventory:

Hand Weapons
 r - the +6 whip of Virofu {freeze, rCorr}
   (You found it on level 10 of the Dungeon)

   rCorr:     It protects you from acid and corrosion.
 w - a +0 orcbow
 x - the +6 battleaxe of Hamuedgh Rust (weapon) {flame, Int+6}
   (You bought it in a shop on level 6 of the Dungeon)

   Int+6:     It affects your intelligence (+6).
Missiles
 a - 18 boomerangs
 b - 180 stones (quivered)
 c - 3 silver javelins
 q - 3 throwing nets
 s - 26 poisoned darts
 H - 24 javelins
Armour
 g - a +0 hat (worn)
 k - +3 swamp dragon scales (worn)
 p - a +0 cloak (worn)
 A - a +0 pair of boots (worn)
Jewellery
 j - a ring of flight
 m - the amulet of Feofa (around neck) {RegenMP rElec rC+ Int+2}
   (You took it off a minotaur in a Gauntlet)

   [amulet of magic regeneration]

   RegenMP:   It increases your rate of magic regeneration.
   Int+2:     It affects your intelligence (+2).
   rC+:       It protects you from cold.
   rElec:     It insulates you from electricity.
 o - an amulet of regeneration
 y - a ring of poison resistance (right claw)
 z - the ring of the Hare (left claw) {EV+10}
   (You found it in a Gauntlet)

   [ring of evasion]

   EV+10:     It affects your evasion (+10).
 K - a ring of see invisible
Talismans
 E - a maw talisman
 R - the flux talisman of Gallantry {rC- rCorr Int-2 Dex+7}
   (You found it on level 13 of the Dungeon)

   [flux talisman]

   Int-2:     It affects your intelligence (-2).
   Dex+7:     It affects your dexterity (+7).
   rC-:       It makes you vulnerable to cold.
   rCorr:     It protects you from acid and corrosion.
Wands
 d - a wand of mindburst (3)
 F - a wand of polymorph (4)
 G - a wand of digging (11)
 L - a wand of charming (7)
 M - a wand of flame (5)
 O - a wand of acid (6)
Scrolls
 e - 4 scrolls of fear
 f - a scroll of blinking
 n - 3 scrolls of fog
 t - 4 scrolls of teleportation
 v - a scroll of immolation {unknown}
 N - a scroll of revelation
Potions
 h - a potion of mutation
 l - a potion of cancellation {unknown}
 B - 4 potions of curing
 C - 3 potions of enlightenment
 D - a potion of berserk rage {unknown}
 I - a potion of might {unknown}
 J - a potion of attraction {unknown}
 Q - 2 potions of lignification {unknown}
Miscellaneous
 P - a phial of floods (inert)


   Skills:
 * Level 8.5 Fighting
 * Level 13.2 Axes
 * Level 6.0 Ranged Weapons
 * Level 1.0 Throwing
 * Level 7.2 Armour
 * Level 6.2 Dodging
 + Level 6.5 Stealth
 * Level 5.8 Unarmed Combat
 * Level 1.1 Evocations


You had 11 spell levels left.
You didn't know any spells.
Your spell library contained the following spells:

 Spells                   Type           Power      Damage    Failure   Level
 Freeze                   Ice            0%         1d3       38%         1
 Magic Dart               Conj           0%         1d3       38%         1
 Necrotise                Necr           0%         1d4       38%         1
 Summon Small Mammal      Summ           0%         N/A       38%         1
 Blink                    Tloc           0%         N/A       52%         2
 Call Imp                 Summ           0%         N/A       52%         2
 Call Canine Familiar     Summ           0%         N/A       77%         3
 Frozen Ramparts          Ice            0%         1d1       77%         3
 Hailstorm                Conj/Ice       0%         3d5       77%         3
 Vampiric Draining        Necr           0%         2d6       77%         3
 Animate Dead             Necr           0%         N/A       99%         4
 Fulminant Prism          Conj/Alch      0%         3d5       99%         4
 Leda's Liquefaction      Alch/Erth      0%         N/A       99%         4
 Martyr's Knell           Necr/Summ      0%         N/A       99%         4
 Summon Blazeheart Golem  Fire/Summ      0%         N/A       99%         4
 Vhi's Electric Charge    Tloc/Air       0%         N/A       99%         4
 Arcjolt                  Conj/Air       0%         1d10      100%        5
 Borgnjor's Vile Clutch   Necr/Erth      0%         N/A       100%        5
 Curse of Agony           Necr           0%         N/A       100%        5
 Summon Forest            Summ/Tloc      0%         N/A       100%        5
 Summon Mana Viper        Hex/Summ       0%         N/A       100%        5
 Death Channel            Necr           0%         N/A       100%        6
 Plasma Beam              Fire/Air       0%         2x1d10    100%        6
 Sculpt Simulacrum        Ice/Alch       0%         N/A       100%        6
 Summon Cactus Giant      Summ           0%         N/A       100%        6
 Maxwell's Capacitive Co  Air            0%         ∞         100%        8


Dungeon Overview and Level Annotations

Branches:
Dungeon (13/15)            Temple (1/1) D:6            Lair (0/5) D:8
    Orc (0/2) D:12         Bailey (visited)         Gauntlet (visited)
 Vaults: D:13-14

Altars:
Ashenzari
Cheibriados
Dithmenos
Fedhas
Gozag
Hepliaklqana
Kikubaaqudgha
Makhleb
Nemelex Xobeh
Okawaru
Qazlal
Ru
Sif Muna
Trog
Uskayaw
Vehumet
Wu Jian
Xom
Yredelemnul

Shops:
D:6 (=:(   D:7 *

Annotations:
D:13 Nessos


Innate Abilities, Weirdness & Mutations

You have very sharp fingernails.
You are mostly covered in thin metallic scales. (AC +3)
You may rarely emit foul miasma when damaged in melee.


Message History

Nessos gestures wildly while chanting.
Nessos blinks!
A red film seems to cover your vision as you go berserk!
You feel yourself moving faster!
You feel mighty!
Nessos shoots an arrow.
The arrow misses you.
Nessos shoots an arrow.
The arrow misses you.
You feel a strong urge to attack something.
Nessos shoots an arrow.
The arrow hits you! The arrow burns you.
You are poisoned.
Nessos shoots an arrow.
The arrow completely misses you.
You feel very sick.
Nessos mumbles some strange words.
Nessos blinks!
You feel your anger nearly subside.
You feel very sick.
Nessos shoots an arrow.
The arrow misses you.
Nessos shoots an arrow.
The arrow misses you.
You are no longer berserk.
You are exhausted.
You feel yourself slow down.
You feel sick.
Nessos shoots an arrow.
The arrow completely misses you.
You feel very sick.
Nessos gestures wildly while chanting.
Nessos blinks!
Nessos mumbles some strange words.
Nessos blinks!
Nessos shoots an arrow.
The arrow completely misses you.
You feel very sick.
Nessos shoots an arrow.
The arrow hits you! The arrow burns you.
* * * LOW HITPOINT WARNING * * *
Nessos shoots an arrow.
The arrow hits you.
* * * LOW HITPOINT WARNING * * *
The arrow burns you.
You are more poisoned.
* * * LOW HITPOINT WARNING * * *
Nessos shoots an arrow.
The arrow hits you!
* * * LOW HITPOINT WARNING * * *
The arrow burns you.
You are more poisoned.
* * * LOW HITPOINT WARNING * * *
Nessos shoots an arrow.
The arrow hits you!
You die...

#############
#.....#.....#
#......<...[#
#####+#........#
##..##..####..#.#####
#........###..#.....#
#.........##....@...#
#....#...........#..#
#......#.......#....#
####.....#...#......#
####.......#.§.....##
...........#....c..#
.........#...#.....#
####...#.......#...#
.###.#...........#.#


You could see Nessos (fast).

Vanquished Creatures
  Gastronok (D:10)
  A dire elephant (Gauntlet)
  A minotaur (Gauntlet)
  The ghost of TheRegalBeagle the Thaumaturge, a journeyman DrCj of Hepliaklqana (D:10)
  A boulder beetle (D:10)
  2 two-headed ogres
  2 centaur warriors
  Urug (D:10)
  3 slime creatures (D:13)
  2 deep elf pyromancers (D:12)
  3 cyclopes
  3 ugly things (D:13)
  A manticore (D:13)
  A moth of wrath (Gauntlet)
  5 elephants (Gauntlet)
  A torpor snail (Gauntlet)
  A gargoyle (D:12)
  Maggie (D:8)
  A kobold demonologist (D:13)
  Jeremiah (D:8)
  3 unseen horrors
  A komodo dragon (D:10)
  2 trolls (D:11)
  2 hornets
  2 wyverns
  A vampire (D:11)
  24 yaks
  2 steam dragons
  5 wraiths
  3 vampire mosquitoes (D:10)
  2 acid dragons
  A water moccasin (D:8)
  7 orc warriors
  2 black bears (D:8)
  2 sky beasts (D:7)
  An ogre (D:6)
  2 centaurs
  4 wolves (Gauntlet)
  3 kobold brigands
  3 scorpions
  A gnoll sergeant (D:10)
  3 bullfrogs
  3 wights (D:8)
  12 killer bees
  6 howler monkeys
  Crazy Yiuf (D:6)
  4 orc priests
  2 jellies
  A sleepcap (D:7)
  A gnoll bouda (D:8)
  5 hounds
  5 iguanas
  Natasha (thrice) (D:2)
  6 orc wizards
  10 gnolls
  5 adders
  3 dart slugs
  4 ribbon worms
  34 orcs
  3 bats
  7 endoplasms
  A giant cockroach (D:3)
  8 goblins
  11 hobgoblins
  10 jackals
  39 kobolds
  2 quokkas
  5 ball pythons
  2 frilled lizards
  13 rats
315 creatures vanquished.

Vanquished Creatures (collateral kills)
  2 elephants (Gauntlet)
2 creatures vanquished.

Vanquished Creatures (others)
  An ufetubus (D:7)
1 creature vanquished.

Grand Total: 318 creatures vanquished

Notes
Turn   | Place    | Note
-------+----------+-------------------------------------------
     0 | D:1      | ezpacito the Demonspawn Berserker began the quest for the
                  | Orb.
     0 | D:1      | Reached XP level 1. HP: 18/18 MP: 1/1
    70 | D:1      | Gained mutation: You are partially covered in thin metallic
                  | scales. (AC +2) [demonic ancestry]
    70 | D:1      | Reached XP level 2. HP: 11/24 MP: 2/2
   337 | D:1      | Reached skill level 3 in Axes
   476 | D:1      | Reached ** piety under Trog
   503 | D:1      | Reached XP level 3. HP: 26/29 MP: 3/3
  1009 | D:2      | Reached XP level 4. HP: 32/35 MP: 4/4
  1319 | D:2      | Noticed Natasha
  1330 | D:2      | Killed Natasha
  1389 | D:2      | Noticed Natasha
  1400 | D:2      | Killed Natasha
  1401 | D:2      | Reached skill level 1 in Stealth
  1683 | D:2      | Noticed Natasha
  1696 | D:2      | Killed Natasha
  1697 | D:2      | Gained mutation: You are mostly covered in thin metallic
                  | scales. (AC +3) [demonic ancestry]
  1697 | D:2      | Reached XP level 5. HP: 27/41 MP: 5/5
  1800 | D:3      | Reached skill level 1 in Ranged Weapons
  1816 | D:3      | Reached skill level 1 in Unarmed Combat
  2031 | D:3      | Found a burning altar of Makhleb.
  2264 | D:3      | Reached skill level 4 in Axes
  2409 | D:4      | Reached *** piety under Trog
  2452 | D:4      | Gained mutation: You have sharp fingernails. [demonic
                  | ancestry]
  2452 | D:4      | Reached XP level 6. HP: 48/48 MP: 6/6
  2531 | D:4      | Found a sparkling altar of Nemelex Xobeh.
  3257 | D:5      | Entered Level 5 of the Dungeon
  3414 | D:5      | Found a bloodstained altar of Trog.
  3533 | D:5      | Found a shimmering blue altar of Sif Muna.
  3552 | D:5      | Found a hide-covered altar of Uskayaw.
  3677 | D:5      | Found an ornate altar of the Wu Jian Council.
  3824 | D:5      | Found a radiant altar of Vehumet.
  3901 | D:5      | Gained mutation: You have very sharp fingernails. [demonic
                  | ancestry]
  3901 | D:5      | Reached XP level 7. HP: 45/54 MP: 7/7
  3993 | D:5      | Reached skill level 5 in Axes
  4501 | D:6      | Noticed a yak
  4501 | D:6      | Noticed a yak
  4501 | D:6      | Noticed a yak
  4502 | D:6      | Noticed a yak
  4502 | D:6      | Noticed a yak
  4516 | D:6      | Killed a yak
  4518 | D:6      | Killed a yak
  4519 | D:6      | Reached XP level 8. HP: 15/61 MP: 8/8
  4520 | D:6      | Reached skill level 6 in Axes
  4525 | D:6      | HP: 2/91 [yak (7)]
  4536 | D:6      | Found a staircase to the Ecumenical Temple.
  4545 | Temple   | Entered the Ecumenical Temple
  4905 | D:6      | Found Roicleh's Antique Weapon Boutique.
  4912 | D:6      | Bought a fine battleaxe for 276 gold pieces
  4912 | D:6      | Identified the +6 battleaxe of Hamuedgh Rust {flame, Int+6}
                  | (You bought it in a shop on level 6 of the Dungeon)
  4973 | D:6      | Found a runed translucent door.
  4974 | D:6      | Noticed Crazy Yiuf
  5122 | D:6      | Found Xudiffuuph's Antique Weapon Shop.
  5239 | D:6      | Found Odanenk's Jewellery Boutique.
  5326 | D:6      | Found an iron altar of Okawaru.
  5467 | D:6      | Found Boluesch's Book Shoppe.
  5648 | D:6      | Killed Crazy Yiuf
  5747 | D:7      | Reached **** piety under Trog
  5748 | D:7      | Reached skill level 5 in Fighting
  5748 | D:7      | Reached skill level 7 in Axes
  5748 | D:7      | Reached XP level 9. HP: 68/68 MP: 9/9
  5978 | D:7      | Found Moemuhe's General Store.
  5987 | D:7      | Bought a +0 pair of boots for 63 gold pieces
  5987 | D:7      | Bought a potion of curing for 42 gold pieces
  6104 | D:7      | Reached skill level 5 in Armour
  6472 | D:8      | Noticed Jeremiah
  6508 | D:8      | Noticed Maggie
  6756 | D:8      | Killed Jeremiah
  6773 | D:8      | Reached skill level 8 in Axes
  6993 | D:8      | Found a staircase to the Lair.
  7002 | D:8      | Reached XP level 10. HP: 58/76 MP: 10/10
  7149 | D:8      | Killed Maggie
  7470 | D:9      | Reached skill level 9 in Axes
  7618 | D:9      | Got the Atlas of the Tincture
  7661 | D:9      | Noticed a centaur warrior
  7673 | D:9      | Killed a centaur warrior
  7801 | D:9      | Noticed a two-headed ogre
  7805 | D:9      | Killed a two-headed ogre
  7806 | D:9      | Reached skill level 5 in Stealth
  8262 | D:10     | Entered Level 10 of the Dungeon
  8262 | D:10     | Noticed Urug
  8269 | D:10     | Killed Urug
  8270 | D:10     | Reached skill level 10 in Axes
  8274 | D:10     | Reached XP level 11. HP: 83/83 MP: 11/11
  8280 | D:10     | Reached skill level 5 in Dodging
  8333 | D:10     | Reached ***** piety under Trog
  8490 | D:10     | Noticed Gastronok
  8510 | D:10     | Killed Gastronok
  8559 | D:10     | Found a flagged portal.
  8614 | Bailey   | Entered a bailey
  9019 | D:10     | Found a transporter.
  9020 | D:10     | Found a transporter.
  9020 | D:10     | Noticed TheRegalBeagle's ghost (journeyman DrCj)
  9029 | D:10     | Noticed a boulder beetle
  9030 | D:10     | Identified the +6 whip of Virofu {freeze, rCorr}
  9116 | D:10     | Identified the +0 ring mail "Keipoll" {rElec rN+}
  9255 | D:10     | Found an opulent altar of Gozag.
  9266 | D:10     | Found a hazy altar of Hepliaklqana.
  9526 | D:10     | Reached skill level 11 in Axes
  9527 | D:10     | Killed TheRegalBeagle's ghost
  9528 | D:10     | Killed a boulder beetle
  9534 | D:10     | Identified the ring of Siefoi {MP+9 Dex+2}
  9726 | D:11     | Reached skill level 5 in Ranged Weapons
  9928 | D:11     | Received a gift from Trog
 10068 | D:11     | Reached skill level 5 in Unarmed Combat
 10512 | D:11     | You fall into a shaft and drop 1 floor!
 10539 | D:12     | Noticed a two-headed ogre
 10548 | D:12     | Killed a two-headed ogre
 10549 | D:12     | Gained mutation: You may rarely emit foul miasma when
                  | damaged in melee. [demonic ancestry]
 10549 | D:12     | Reached XP level 12. HP: 91/91 MP: 12/12
 10642 | D:12     | Found a staircase to the Orcish Mines.
 10656 | D:12     | Found a gate leading to a gauntlet.
 10660 | D:12     | Reached skill level 12 in Axes
 10794 | Gauntlet | Entered a Gauntlet
 10794 | Gauntlet | Found a transporter.
 10819 | Gauntlet | Found a transporter.
 10834 | Gauntlet | Found a transporter.
 10839 | Gauntlet | Found a transporter.
 10854 | Gauntlet | Found a transporter.
 10873 | Gauntlet | Found a transporter.
 10885 | Gauntlet | Found a transporter.
 10894 | Gauntlet | Noticed a dire elephant
 10897 | Gauntlet | Found a transporter.
 10909 | Gauntlet | Found a transporter.
 10910 | Gauntlet | Noticed a hell beast
 10919 | Gauntlet | Found the ring of the Hare {EV+10}
 10921 | Gauntlet | Found a transporter.
 10925 | Gauntlet | Noticed a dire elephant
 10938 | Gauntlet | Found a transporter.
 10956 | Gauntlet | Found a transporter.
 10958 | Gauntlet | Found a transporter.
 10983 | Gauntlet | Found a transporter.
 10985 | Gauntlet | Found a transporter.
 11005 | Gauntlet | Found a transporter.
 11083 | Gauntlet | Found a transporter.
 11103 | Gauntlet | Found a transporter.
 11605 | Gauntlet | Killed a dire elephant
 11644 | Gauntlet | Identified the +0 ring mail of Defence {Dex+6}
 11731 | Gauntlet | Identified the amulet of Feofa {RegenMP rElec rC+ Int+2}
 11731 | Gauntlet | Noticed a minotaur
 11743 | Gauntlet | Killed a minotaur
 12446 | D:13     | Reached skill level 13 in Axes
 12565 | D:13     | Reached skill level 1 in Evocations
 12947 | D:13     | Reached skill level 1 in Throwing
 13016 | D:13     | Noticed a centaur warrior
 13025 | D:13     | Killed a centaur warrior
 13031 | D:13     | Identified the flux talisman of Gallantry {rC- rCorr Int-2
                  | Dex+7}
 13103 | D:13     | Noticed Nessos
 13123 | D:13     | Shot with an arrow by Nessos

Illustrated notes

Levels and vault maps discovered:
D:1:      zaba_arrival_water, layout_rooms
D:2:      layout_rooms, minmay_pentomino_r4, uniq_natasha
D:3:      layout_rooms, marbit_many_paths, guppyfry_early_lair_pool
D:4:      nicolae_cairo_tiling, layout_gridville, mainiacjoe_overflow_brackets,
          grunt_ministairs_6
D:5:      layout_loops_ring, kennysheep_mini, trog_hazing_becter,
          mainiacjoe_overflow_alcove_1, mainiacjoe_overflow_small_starburst,
          fiery_altar_vehumet, mainiacjoe_overflow_surrounded_room,
          dk_noncrumbling_3, minmay_misc_feat_square, minmay_crossroads
D:6:      layout_loops_corners, lemuel_coloured_pillars_altar,
          minmay_temple_entry_overgrown, serial_shops, nicolae_lakefront_shop,
          shop, shop, nicolae_shop_window_shopping, uniq_crazy_yiuf_cottage
D:7:      layout_loops_cross, serial_shops, shop, kennysheep_generic_room_16
D:8:      layout_basic, david_lair_generic, uniq_maggie, uniq_jeremiah
D:9:      layout_loops_ring
D:10:     layout_rooms, nicolae_overflow_quartered_altars,
          gammafunk_ghost_arena, enter_bailey_2, uniq_urug, uniq_gastronok
D:11:     layout_gridville
D:12:     layout_roguey, orc_david_3, gauntlet_entry_generic
D:13:     layout_gridville, minmay_misc_feat_more_columns, uniq_sonja,
          uniq_nessos
Temple:   kb_temple_of_zot

Skill      XL: |  1  2  3  4  5  6  7  8  9 10 11 12 |
---------------+-------------------------------------+-----
Armour         | 2 3 4 5 6 7 |  7.2
Axes           | 3 4 5 7 8 10 11 13 | 13.2
Dodging        | 2 3 4 5 6 |  6.2
Stealth        | 1 2 3 4 5 6 |  6.5
Ranged Weapons | 1 2 3 4 5 6 |  6.0
Unarmed Combat | 1 2 3 4 5 |  5.8
Fighting       | 4 5 6 7 8 |  8.5
Evocations     | 1 |  1.1
Throwing       | 1 |  1.0

Action                     |  1- 3 |  4- 6 |  7- 9 | 10-12 || total
---------------------------+-------+-------+-------+-------++-------
  Melee: Hand axe          |   113 |   233 |   120 |       ||   466
         Punch             |       |     6 |     6 |       ||    12
         Battleaxe         |       |       |    98 |   371 ||   469
 Invoke: Berserk           |     1 |     5 |     5 |    15 ||    26
         Trog's Hand       |       |       |     1 |     5 ||     6
         Brothers in Arms  |       |       |       |     1 ||     1
  Evoke: Wand              |       |       |       |     3 ||     3
         Phial of floods   |       |       |       |     1 ||     1
    Use: Scroll            |       |     5 |     8 |     9 ||    22
         Potion            |       |       |     4 |    12 ||    16
   Stab: Invisible         |       |       |     9 |       ||     9
         Sleeping          |       |       |     1 |     6 ||     7
 Armour: Animal skin       |    22 |       |       |       ||    22
         Ring mail         |    22 |     5 |       |       ||    27
         Leather armour    |    12 |       |       |       ||    12
         Chain mail        |       |   209 |   115 |       ||   324
         Steam dragon scal |       |       |    58 |     9 ||    67
         Swamp dragon scal |       |       |       |   245 ||   245
  Dodge: Dodged            |    76 |   128 |   202 |   425 ||   831
